 Dungeon Crawl Stone Soup version 0.19-a0-1920-g83281cb (webtiles) character file.

396 hairmachine the Poker (level 6, -7/52 HPs)
             Began as a Naga Warper on Oct 23, 2016.
             Shot with an arrow by a centaur (12 damage)
             ... on level 6 of the Dungeon.
             The game lasted 00:31:58 (7059 turns).

hairmachine the Poker (Naga Warper)                 Turns: 7059, Time: 00:32:00

Health: -7/52      AC:  7    Str: 20    XL:     6   Next: 83%
Magic:  9/9        EV:  8    Int: 13    God:
Gold:   209        SH:  0    Dex: 11    Spells: 3 memorised, 4 levels left

rFire  . . .     SeeInvis +     a - +0 spear
rCold  + . .     Gourm    .     o - +0 scale mail
rNeg   . . .     Faith    .     (no shield)
rPois  +         Spirit   .     i - +0 helmet
rElec  .         Reflect  .     e - +0 cloak
rCorr  .         Harm     .     (no gloves)
MR     .....                    (no barding)
Stlth  +.........               (no amulet)
                                c - ring of protection from cold {rC+, !d}
                                n - +5 ring of strength

@: very slow
A: see invisible, deformed body, poison resistance, slowness 2, slow metabolism
1, spit poison 1, AC +2
a: Spit Poison


You were on level 6 of the Dungeon.
You were not hungry.

You visited 1 branch of the dungeon, and saw 6 of its levels.

You collected 209 gold pieces.


Innate Abilities, Weirdness & Mutations

You cannot wear boots.
Your serpentine skin is tough. (AC +2)
You have supernaturally acute eyesight. (SInv)
Armour fits poorly on your strangely shaped body.
Your system is resistant to poisons. (rPois)
You cover ground very slowly.
You have a slow metabolism.
You can spit poison.


   Skills:
 + Level 2.0 Fighting
 + Level 6.5 Polearms
 - Level 0.8 Throwing
 - Level 0.7 Armour
 - Level 1.5 Dodging
 - Level 3.6 Stealth
 - Level 2.0 Spellcasting
 - Level 3.0 Translocations


You had 4 spell levels left.
You knew the following spells:

 Your Spells              Type           Power        Failure   Level  Hunger
a - Shroud of Golubria    Chrm/Tloc      #.........   65%         2    ###....
b - Apportation           Tloc           #.........   21%         1    ##.....
B - Blink                 Tloc           N/A          34%         2    ###....

Inventory:

Hand Weapons
 a - a +0 spear (weapon)
Missiles
 d - 9 stones (quivered)
Armour
 b - a +0 leather armour
 e - a +0 cloak (worn)
   (You found it on level 4 of the Dungeon)
 g - a +0 chain mail
   (You found it on level 1 of the Dungeon)
 i - a +0 helmet (worn)
   (You took it off Robin on level 3 of the Dungeon)
 o - a +0 scale mail (worn)
   (You found it on level 3 of the Dungeon)
Jewellery
 c - a ring of protection from cold (right hand) {rC+, !d}
   (You found it on level 4 of the Dungeon)
 n - a +5 ring of strength (left hand)
   (You took it off an orc on level 3 of the Dungeon)
 w - an uncursed ring of wizardry {wiz+, !d}
   (You found it on level 5 of the Dungeon)
Scrolls
 l - a scroll of recharging {!r, unknown}
 m - a scroll of enchant armour {!r, unknown}
 q - 11 scrolls of identify {!r}
 r - a scroll of fog {!r, unknown}
 u - a scroll of magic mapping {!r, unknown}
Books
 j - a book of Spatial Translocations

   Spells                             Type                      Level
   a - Blink                          Translocation                2
   b - Shroud of Golubria             Charms/Translocation         2
   c - Lesser Beckoning               Translocation                3
   d - Portal Projectile              Translocation                3
   e - Teleport Other                 Translocation                3
   f - Passage of Golubria            Translocation                4
 t - a book of Cantrips
   (You found it on level 5 of the Dungeon)

   Spells                             Type                      Level
   a - Confusing Touch                Hexes                        1
   b - Animate Skeleton               Necromancy                   1
   c - Summon Small Mammal            Summoning                    1
   d - Apportation                    Translocation                1
Comestibles
 f - 3 bread rations
 h - 2 slices of pizza
 p - a chunk of flesh

Dungeon Overview and Level Annotations

Branches:
Dungeon (6/15)
 Temple: D:4-7

Altars:
Okawaru
Zin
The Shining One

Shops:
D:4 *

Annotations:
D:3 Natasha
D:4 Xiguana's ghost, amateur HESk

####..(#####..
##.@# ##.# #.#
#.# #.. ###


You could see 2 centaurs.


Message History

You're wearing all the rings you can.
Remove which one? (? for menu, Esc to cancel) < or
n - a +5 ring of strength > or
c - a ring of protection from cold {rC+, !d} You remove your +5 ring of strength.
You feel weaker.
Oops, that ring feels deathly cold.
v - a cursed ring of wizardry (left hand)
w - a cursed ring of wizardry (left hand) Cast which spell? (? or * to list)
Okay, then.
Okay, then.
Really read
s - a scroll of remove curse {!r}?
As you read the scroll of remove curse {!r}, it crumbles to dust.
You feel as if something is helping you.
Put on which piece of jewellery? (? for menu, Esc to quit)
You're wearing all the rings you can.
Remove which one? (? for menu, Esc to cancel) < or
w - a ring of wizardry {wiz+, !d} > or
c - a ring of protection from cold {rC+, !d} You remove your ring of wizardry {wiz+, !d}.
You feel stronger.
n - a +5 ring of strength (left hand)
Found a stone staircase leading down.
Found 10 gold pieces.
You now have 199 gold pieces (gained 4).
Put on which piece of jewellery? (? for menu, Esc to quit)
You're wearing all the rings you can.
Remove which one? (? for menu, Esc to cancel) < or
n - a +5 ring of strength > or
c - a ring of protection from cold {rC+, !d}
Okay, then.
Unknown command.
You now have 209 gold pieces (gained 10).
A centaur comes into view.
The centaur shouts!
The centaur wields a shortbow.
The centaur shoots an arrow.
The arrow hits you!
An orc comes into view.
You see here an arrow.
Huge Dmg: -23%(-12hp) hp: 77%(40hp)
You start resting.
The centaur shoots an arrow.
The arrow closely misses you.
You hear a shout! x2
An orc priest and a centaur come into view.
The orc priest shouts!
The centaur wields a shortbow.
The centaur shoots an arrow.
The arrow hits you!
* * * LOW HITPOINT WARNING * * *
You see here an arrow.
Damage: -15%(-8hp) hp: 64%(33hp)
Okay, then.
Okay, then.
The centaur shoots an arrow.
The arrow hits you!
* * * LOW HITPOINT WARNING * * *
The centaur shoots an arrow.
The arrow hits you.
* * * LOW HITPOINT WARNING * * *
The centaur unwields an uncursed shortbow.
The centaur barely misses you.
Found a bread ration.
You see here 2 arrows.
Huge Dmg: -17%(-9hp) hp: 47%(24hp)
The centaur hits you!
* * * LOW HITPOINT WARNING * * *
The centaur hits you.
* * * LOW HITPOINT WARNING * * *
Huge Dmg: -20%(-10hp) hp: 27%(14hp) Really quaff
k - a potion of heal wounds {!q}?
You feel much better. The centaur hits you.
* * * LOW HITPOINT WARNING * * *
The centaur hits you but does no damage.
There is a stone staircase leading down here.
The centaur hits you but does no damage.
The centaur unwields an uncursed shortbow.
The centaur hits you.
* * * LOW HITPOINT WARNING * * *
The centaur hits you.
* * * LOW HITPOINT WARNING * * *
You climb downwards.
Found a robe.
There is a stone staircase leading up here.
Huge Dmg: -13%(-7hp) hp: 41%(21hp)
You are too injured to fight recklessly!
You hit the centaur but do no damage. The centaur hits you.
* * * LOW HITPOINT WARNING * * *
The centaur hits you.
* * * LOW HITPOINT WARNING * * *
Huge Dmg: -12%(-6hp) hp: 29%(15hp)
The centaur wields an uncursed shortbow.
The centaur shoots an arrow.
The arrow hits you.
* * * LOW HITPOINT WARNING * * *
The centaur wields an uncursed shortbow.
The centaur shoots an arrow.
The arrow closely misses you.
The centaur shoots an arrow.
The arrow hits you.
* * * LOW HITPOINT WARNING * * *
The centaur shoots an arrow.
The arrow barely misses you.
You see here 4 arrows.
Huge Dmg: -11%(-6hp) hp: 18%(9hp)
The centaur shoots an arrow.
The arrow hits you.
* * * LOW HITPOINT WARNING * * *
The centaur shoots an arrow.
The arrow hits you!
You die...

Vault maps used:
D:1:      dpeg_arrival_stone_temple_mockup
D:2:      chequers_temple_overflow_minitemple
D:3:      uniq_natasha
D:4:      serial_shops, shop, uniq_robin
D:5:      first_bread, serial_glass, glass_columns_a, glass_columns_a,
          glass_columns_c, glass_columns_a, glass_columns_c, glass_columns_c
D:6:      uniq_menkaure

Notes
Turn   | Place    | Note
-------+----------+-------------------------------------------
     0 | D:1      | hairmachine the Naga Warper began the quest for the Orb.
     0 | D:1      | Reached XP level 1. HP: 19/19 MP: 3/3
   189 | D:1      | Reached XP level 2. HP: 22/26 MP: 5/5
   306 | D:1      | Learned a level 2 spell: Blink
   309 | D:1      | Learned a level 2 spell: Shroud of Golubria
   723 | D:1      | Reached skill level 3 in Polearms
  1254 | D:1      | Reached XP level 3. HP: 21/32 MP: 6/6
  2118 | D:2      | Reached skill level 4 in Polearms
  2193 | D:2      | Found an iron altar of Okawaru.
  2193 | D:2      | Found a faded altar of an unknown god.
  2199 | D:2      | Found a glowing silver altar of Zin.
  2214 | D:2      | Found a faded altar of an unknown god.
  2215 | D:2      | Found a glowing golden altar of the Shining One.
  2521 | D:3      | Reached XP level 4. HP: 39/39 MP: 7/7
  3733 | D:3      | Reached skill level 1 in Stealth
  4066 | D:3      | Noticed Natasha
  4379 | D:3      | Reached XP level 5. HP: 43/45 MP: 8/8
  4729 | D:3      | HP: 2/45 [Natasha (8)]
  4732 | D:3      | Killed Natasha
  4782 | D:3      | HP: 2/45 [giant cockroach (2)]
  5086 | D:3      | Noticed Natasha
  5111 | D:3      | Killed Natasha
  5111 | D:3      | Reached skill level 5 in Polearms
  5391 | D:3      | Noticed Natasha
  5400 | D:4      | Found Sair's General Store.
  5472 | D:4      | Noticed Xiguana's ghost (amateur HESk)
  5898 | D:4      | Noticed Robin
  6020 | D:3      | Killed Robin
  6285 | D:4      | Reached XP level 6. HP: 39/52 MP: 9/9
  6718 | D:4      | Reached skill level 6 in Polearms
  6754 | D:5      | Entered Level 5 of the Dungeon
  6931 | D:5      | Learned a level 1 spell: Apportation
  7059 | D:6      | Shot with an arrow by a centaur

Vanquished Creatures
  A centaur (D:5)
  A howler monkey (D:4)
  An orc wizard (D:3)
  Natasha (twice) (D:3)
  A worker ant (D:4)
  Robin (D:3)
  A howler monkey skeleton (D:5)
  4 adders
  A shadow imp (D:5)
  2 worms (D:3)
  3 dart slugs
  A leopard gecko (D:4)
  9 orcs
  2 bats
  8 giant cockroaches
  11 goblins
  10 hobgoblins
  13 jackals
  2 kobolds (D:1)
  2 quokkas
  A frilled lizard (D:1)
  A leopard gecko skeleton (D:5)
  8 rats
86 creatures vanquished.

Action                   |  1- 3 |  4- 6 || total
-------------------------+-------+-------++-------
Melee: Spear             |   159 |   431 ||   590
Throw: Stone             |     7 |     3 ||    10
       Tomahawk          |     5 |       ||     5
  Use: Potion            |     1 |     5 ||     6
       Scroll            |       |     8 ||     8
  Eat: Chunk             |     4 |     7 ||    11
       Meat ration       |       |     1 ||     1
Armor: Chain mail        |    17 |    12 ||    29
       Leather armour    |    15 |       ||    15
       Skin              |    17 |       ||    17
       Scale mail        |       |    96 ||    96
Dodge: Dodged            |    35 |   128 ||   163

Skill      XL: |  1  2  3  4  5  6 |
---------------+-------------------+-----
Polearms       | 3 4 5 6 |  6.5
Stealth        | 2 3 |  3.6
Fighting       | |  2.0
Throwing       | |  0.8
Armour         | |  0.7
Dodging        | |  1.5
Spellcasting   | |  2.0
Translocations | |  3.0
